 Dungeon Crawl Stone Soup version 0.31-a0-818-ge7c7cf74f0 (webtiles) character file.

Game seed: 2184375445955262137

80658 pokeman the Sorcerer (level 15, -7/82 HPs)
             Began as a Deep Elf Hedge Wizard on Sept 23, 2023.
             Was a High Priest of Vehumet.
             Mangled by Agnes
             ... wielding a +2 lajatang of distortion
              (21 damage)
             ... on level 15 of the Dungeon.
             The game lasted 01:08:19 (28781 turns).

pokeman the Sorcerer (Deep Elf Hedge Wizard)       Turns: 28781, Time: 01:08:19

Health: -7/82      AC: 18    Str: 11    XL:     15   Next: 24%
Magic:  58/61      EV:  9    Int: 32    God:    Vehumet [*****.]
Gold:   2680       SH:  5    Dex: 14    Spells: 28/56 levels left

rFire   + + +        e - staff of Destruction {MP+9 Str+4 Conj}
rCold   + . .        (no shield)
rNeg    . . .        g - +0 fire dragon scales
rPois   +            W - +3 hat of Pondering {ponderous, Will+ MP+10 Int+5}
rElec   .            j - +0 cloak
rCorr   .            T - +0 pair of gloves
SInv    .            C - +2 pair of boots
Will    ++...        z - amulet of reflection
Stlth   +            R - ring "Inkoman" {rPois rF+ rC++}
HPRegen 0.33/turn    V - ring of wizardry
MPRegen 0.37/turn

%: reflection, wizardry (x1)
@: slow
A: no striking features
a: Renounce Religion


You were on level 15 of the Dungeon.
You worshipped Vehumet.
Vehumet was extremely pleased with you.
You visited 3 branches of the dungeon, and saw 21 of its levels.
You visited the Abyss 1 time.
You also visited: Ossuary and Volcano.

You collected 2837 gold pieces.
You spent 157 gold pieces at shops.

Inventory:

Hand Weapons
 l - the +5 mace of Sharkskin {freeze, rElec Dex+3}
   (You found it on level 2 of the Lair of Beasts)

   Dex+3:     It affects your dexterity (+3).
   rElec:     It insulates you from electricity.
 x - a +3 demon trident of venom
Missiles
 A - 8 curare-tipped darts
 O - 2 throwing nets
Armour
 b - the +4 robe "Loliok" {rC++ SInv}
   (You found it on level 5 of the Dungeon)

   rC++:      It greatly protects you from cold.
   SInv:      It lets you see invisible.
 g - +0 fire dragon scales (worn)
 j - a +0 cloak (worn)
 C - a +2 pair of boots (worn)
 H - a +2 robe of fire resistance
 T - a +0 pair of gloves (worn)
 W - the +3 hat of Pondering (worn) {ponderous, Will+ MP+10 Int+5}
   (You found it on level 13 of the Dungeon)

   Int+5:     It affects your intelligence (+5).
   Will+:     It increases your willpower.
   MP+10:     It affects your magic capacity (+10).
Magical Staves
 a - a staff of fire
 e - the staff of Destruction (weapon) {MP+9 Str+4 Conj}
   (You acquired it on level 1 of the Lair of Beasts)

   [staff of conjuration]

   Base accuracy: +5 Base damage: 5 Base attack delay: 1.2 This weapon's minimum
   attack delay (0.6) is reached at skill level 12.
   Str+4:     It affects your strength (+4).
   MP+9:      It affects your magic capacity (+9).
   Conj:      It increases the power of your Conjurations spells.
   It falls into the 'Staves' category.
   It is a one-handed weapon.
Jewellery
 w - the amulet "Faty Ryebb" {rPois rF+ rC- Regen+}
   (You found it on level 5 of the Lair of Beasts)

   [amulet of regeneration]

   rF+:       It protects you from fire.
   rC-:       It makes you vulnerable to cold.
   rPois:     It protects you from poison Regen+: It increases your rate of
   health regeneration.
 z - an amulet of reflection (around neck)
 R - the ring "Inkoman" (left hand) {rPois rF+ rC++}
   (You took it off an orc on level 10 of the Dungeon)

   [ring of protection from fire]

   rF+:       It protects you from fire.
   rC++:      It greatly protects you from cold.
   rPois:     It protects you from poison
 V - a ring of wizardry (right hand)
Wands
 s - a wand of charming (5)
 v - a wand of mindburst (22)
 F - a wand of acid (1)
 I - a wand of polymorph (16)
 P - a wand of roots (19)
Scrolls
 c - 2 scrolls of immolation
 f - a scroll of poison
 h - 8 scrolls of teleportation
 i - 3 scrolls of vulnerability
 r - a scroll of amnesia
 t - a scroll of brand weapon
 y - 3 scrolls of blinking
 B - a scroll of enchant weapon
 E - 5 scrolls of fog
 K - a scroll of enchant armour
 M - 5 scrolls of revelation
Potions
 d - a potion of magic
 k - 11 potions of curing
 m - 3 potions of enlightenment
 n - a potion of lignification {unknown}
 o - 6 potions of might {unknown}
 p - 2 potions of degeneration {unknown}
 q - 3 potions of cancellation {unknown}
 D - 3 potions of mutation {unknown}
 G - 3 potions of invisibility {unknown}
 J - 2 potions of berserk rage {unknown}
 Q - 2 potions of heal wounds {unknown}
 S - 3 potions of attraction {unknown}
 U - 2 potions of resistance {unknown}
Miscellaneous
 u - a tin of tremorstones (2/2)


   Skills:
 + Level 5.5 Fighting
 - Level 6.0 Armour
 - Level 3.0 Dodging
 - Level 3.1 Stealth
 - Level 5.0 Shields
 * Level 21.0 Spellcasting
 + Level 12.8 Conjurations
 - Level 1.1 Summonings
 - Level 1.1 Translocations
 - Level 1.0 Transmutations
 + Level 10.8 Fire Magic
 - Level 1.0 Air Magic
 + Level 12.2 Earth Magic
 - Level 1.0 Poison Magic
 - Level 1.0 Evocations


You had 28 spell levels left.
You knew the following spells:

 Your Spells              Type           Power      Damage    Failure   Level
a - Magic Dart            Conj           100%       1d8       1%          1
b - Mephitic Cloud        Conj/Pois/Air  78%        N/A       1%          3
c - Call Imp              Summ           80%        N/A       2%          2
d - Blink                 Tloc           80%        N/A       2%          2
e - Stone Arrow           Conj/Erth      100%       3d13      1%          3
f - Bombard               Conj/Erth      53%        9d9       1%          6
g - Irradiate             Conj/Tmut      43%        3d26      1%          5
h - Starburst             Conj/Fire      52%        6d14      1%          6

Your spell library contained the following spells:

 Spells                   Type           Power      Damage    Failure   Level
 Apportation              Tloc           80%        N/A       1%          1
 Sandblast                Erth           100%       2d20      1%          1
 Summon Small Mammal      Summ           100%       N/A       1%          1
 Passwall                 Tmut/Erth      55%        N/A       1%          2
 Searing Ray              Conj           100%       2d8       1%          2
 Static Discharge         Conj/Air       100%       2-7/arc   1%          2
 Hailstorm                Conj/Ice       84%        3d17      1%          3
 Inner Flame              Hex/Fire       62%        N/A       1%          3
 Brom's Barrelling Bould  Conj/Erth      100%       2d11      1%          4
 Flame Wave               Conj/Fire      100%       2d21      1%          4
 Fulminant Prism          Conj/Hex       42%        3d19      1%          4
 Sticky Flame             Conj/Fire      100%       2d11      1%          4
 Necrotise                Necr           100%       1d9       2%          1
 Slow                     Hex            100%       N/A       2%          1
 Lesser Beckoning         Tloc           80%        N/A       2%          2
 Wereblood                Tmut           40%        N/A       2%          2
 Cigotuvi's Dreadful Rot  Necr/Pois/Air  76%        N/A       3%          2
 Ensorcelled Hibernation  Hex/Ice        66%        N/A       4%          2
 Jinxbite                 Hex            66%        N/A       4%          2
 Call Canine Familiar     Summ           40%        N/A       5%          3
 Gell's Gravitas          Tloc           40%        N/A       5%          3
 Teleport Other           Tloc           40%        N/A       5%          3
 Olgreb's Toxic Radiance  Pois           40%        N/A       5%          4
 Summon Guardian Golem    Hex/Summ       37%        N/A       6%          3
 Manifold Assault         Tloc           40%        N/A       16%         4
 Yara's Violent Unravell  Hex/Tmut       18%        3d9       16%         5
 Anguish                  Hex/Necr       16%        N/A       26%         4
 Spellforged Servitor     Conj/Summ      43%        N/A       30%         7
 Alistair's Intoxication  Tmut/Pois      26%        N/A       43%         5
 Ignition                 Fire           40%        3d12      43%         8
 Eringya's Noxious Bog    Tmut/Pois      20%        4d6       50%         6
 Metabolic Englaciation   Hex/Ice        16%        N/A       56%         5
 Shatter                  Erth           42%        3d33*     96%         9
 Fire Storm               Conj/Fire      52%        8d13      98%         9
 Enfeeble                 Hex            16%        N/A       100%        7
 Discord                  Hex            16%        N/A       100%        8
 Chain Lightning          Conj/Air       43%        3d58      100%        9
 Polar Vortex             Ice            16%        12d2*     100%        9


Dungeon Overview and Level Annotations

Branches:
Dungeon (15/15)            Temple (1/1) D:5            Lair (5/5) D:10
 Shoals (0/4) Lair:3        Snake (0/4) Lair:3        Slime (0/5) Lair:4
    Orc (0/2) D:10         Vaults (0/5) D:14        Ossuary (visited)
Volcano (visited)
 Depths: D:15

Altars:
Ashenzari
Cheibriados
Dithmenos
Elyvilon
Fedhas
Gozag
Hepliaklqana
Kikubaaqudgha
Makhleb
Nemelex Xobeh
Okawaru
Qazlal
Ru
Sif Muna
Trog
Uskayaw
Vehumet
Wu Jian
Xom
Yredelemnul
Zin
The Shining One
Jiyva

Shops:
D:6 *   D:12 *

Portals:
Hell: Lair:5

Annotations:
D:15 Agnes
Lair:4 3 runed translucent doors, Osyvawk's ghost, journeyman DrMo


Message History

The centaur warrior shouts!
The centaur shouts!
A centaur comes into view.
The centaur wields a +0 shortbow.
The centaur shoots an arrow.
You block the arrow with an invisible shield... and reflect it back!
The arrow barely misses the centaur.
The centaur shoots an arrow.
The arrow hits you.
The centaur shoots an arrow.
You block the arrow with an invisible shield... and reflect it back!
The arrow hits the centaur.
A centaur comes into view.
Unknown command.
The centaur shouts!
The centaur wields a +0 orcbow.
The centaur shoots an arrow.
The arrow hits you but does no damage.
The centaur shoots an arrow.
You block the arrow with an invisible shield... and reflect it back!
The arrow hits the centaur.
The centaur shoots an arrow.
The arrow hits you.
The centaur shoots an arrow.
The arrow hits you.
The centaur shoots an arrow.
The arrow closely misses you.
The centaur shoots an arrow.
The arrow hits you!
The centaur shoots an arrow.
The arrow barely misses you.
The centaur shoots an arrow.
You block the arrow with an invisible shield... and reflect it back!
The arrow completely misses Agnes.
The arrow hits the centaur!
The centaur wields a +0 orcbow.
The centaur shoots an arrow.
The arrow hits you.
Casting: Bombard (dangerous; 1% risk of failure)
Confirm with . or Enter, or press ? or * to list all spells.
Aiming: Mephitic Cloud (safe; 1% risk of failure)
Press: ? - help, Shift-Dir - straight line, f - Agnes
Aim: Agnes, wielding a +2 lajatang of distortion and wearing a +0 robe (chance to affect: 48%)
You feel a surge of power!
The ball explodes into a vile cloud!
The stinking cloud engulfs Agnes but does no damage.
The stinking cloud engulfs you but does no damage.
Agnes is engulfed in noxious fumes.
Agnes hits you with a +2 lajatang of distortion!!
Space warps horribly around you!
Agnes is engulfed in noxious fumes.
Agnes appears confused.
Agnes hits you with a +2 lajatang of distortion!!
* * * LOW HITPOINT WARNING * * *
Space warps horribly around you!!
You die...

#........c... ##.##.
###...._..c.. ##..##.
.......cc. # #..###.
#..#...# .# #.## #.
#.##.##.# #.# #. #...c...#
#.# #. ##§☼..### ##.# #. #.
#i#### #..# #. .. #@# ##.##
#. .# ##.# #..# #. .# #..#
#.## #. ##.# ##.## #.# #.
#..# # #..# #.# #.
#.#####.### #.## #.# #.
...........###.### ###.# #.
#(###......<.....######...#
#.
...)....................###
#.


You could see Agnes (confused) and 4 centaurs.

Vanquished Creatures
  A tentacled starspawn (Abyss:3)
  Gastronok (Lair:3)
  Nessos (D:15)
  Azrael (D:14)
  A dire elephant (Lair:4)
  A red draconian (Volcano)
  An entropy weaver (shapeshifter) (D:15)
  Harold (D:9)
  6 hydras
  A two-headed ogre (D:11)
  Erica (D:8)
  A catoblepas (Lair:4)
  7 centaur warriors
  6 boulder beetles
  A death yak (Lair:5)
  Urug (Lair:3)
  A sun demon (Abyss:3)
  Sonja (Lair:2)
  A skyshark (Lair:4)
  Lodul (D:14)
  A sixfirhy (Lair:5)
  4 skeletal warriors (D:13)
  A deep elf pyromancer (D:12)
  Pikel (D:9)
  An orc knight (D:14)
  2 wizards
  2 harpies (Lair:3)
  7 ugly things
  A manticore (D:15)
  An oklob plant (Lair:3)
  5 cyclopes
  11 elephants
  4 black mambas
  2 molten gargoyles (Volcano)
  2 orange demons (Lair:5)
  A smoke demon (Lair:5)
  A gargoyle (D:12)
  Jeremiah (D:8)
  A torpor snail (Lair:4)
  A centaur skeleton (Abyss:3)
  9 cane toads
  An unseen horror (D:7)
  8 rime drakes
  7 komodo dragons
  A kobold demonologist (D:11)
  2 efreet
  An ancient zyme (Abyss:3)
  2 ice devils (Lair:5)
  2 freezing wraiths (D:15)
  2 red devils (Lair:5)
  6 trolls
  4 polar bears
  Prince Ribbit (D:6)
  10 blink frogs
  A hornet (D:14)
  Grinder (D:6)
  Sigmund (D:5)
  3 basilisks
  5 wraiths
  4 wyverns
  45 yaks
  Eustachio (D:5)
  16 humans (D:14)
  2 fire bats (Volcano)
  3 fire elementals (D:14)
  18 vampire mosquitoes
  3 steam dragons
  A warg (D:10)
  3 nagas (Lair:3)
  An acid dragon (D:10)
  7 hell hounds
  10 water moccasins
  3 orc warriors
  2 sky beasts
  2 black bears
  3 ice beasts
  24 wolves
  10 centaurs
  An ogre (D:5)
  A small abomination (Abyss:3)
  A phantom (D:7)
  2 kobold brigands (D:6)
  2 lemures (D:9)
  2 gnoll sergeants
  15 bullfrogs
  6 scorpions
  3 water moccasin zombies (Ossuary)
  20 wights
  11 killer bees
  3 electric eels
  2 howler monkeys
  A bullfrog zombie (Ossuary)
  2 centaur zombies (Ossuary)
  4 lava snakes (Volcano)
  5 jellies
  A gnoll bouda (D:6)
  10 hounds
  2 human zombies (Ossuary)
  10 orc priests
  2 sleepcaps
  12 orc wizards
  A scorpion zombie (Ossuary)
  Natasha (thrice) (D:2)
  3 iguanas
  An ogre zombie (Ossuary)
  6 adders
  10 gnolls
  2 shadow imps
  2 white imps
  2 ufetubi
  An adder zombie (Ossuary)
  4 worms
  4 dart slugs
  31 orcs
  4 bats
  4 endoplasms
  4 giant cockroaches
  3 gnoll zombies (Ossuary)
  4 goblins
  13 hobgoblins
  4 jackals (D:2)
  4 quokkas
  5 ball pythons
  2 frilled lizards (D:1)
  3 goblin zombies (Ossuary)
  3 hobgoblin zombies (Ossuary)
  9 kobolds
  2 orc zombies (Ossuary)
  4 rats
567 creatures vanquished.

Vanquished Creatures (collateral kills)
  2 killer bees (D:9)
2 creatures vanquished.

Vanquished Creatures (others)
  A blink frog (Lair:2)
  A vampire mosquito (D:13)
  8 starspawn tentacles (Abyss:3)
10 creatures vanquished.

Grand Total: 579 creatures vanquished

Notes
Turn   | Place    | Note
-------+----------+-------------------------------------------
     0 | D:1      | pokeman the Deep Elf Hedge Wizard began the quest for the
                  | Orb.
     0 | D:1      | Reached XP level 1. HP: 10/10 MP: 7/7
   322 | D:1      | Found a faded altar of an unknown god.
   449 | D:1      | Reached XP level 2. HP: 16/16 MP: 6/9
  1311 | D:2      | Reached skill level 5 in Spellcasting
  1311 | D:2      | Reached XP level 3. HP: 20/20 MP: 3/11
  1315 | D:2      | Learned a level 3 spell: Mephitic Cloud
  1318 | D:2      | Learned a level 2 spell: Call Imp
  1321 | D:2      | Learned a level 2 spell: Blink
  1427 | D:2      | Noticed Natasha
  1436 | D:2      | Killed Natasha
  1437 | D:2      | Reached skill level 1 in Fighting
  1437 | D:2      | Reached skill level 1 in Armour
  1701 | D:2      | Reached XP level 4. HP: 25/25 MP: 4/13
  1992 | D:2      | Found a broken altar of Ashenzari.
  2089 | D:2      | Noticed Natasha
  2096 | D:2      | Killed Natasha
  2623 | D:2      | Noticed Natasha
  2633 | D:2      | Killed Natasha
  2634 | D:2      | Reached skill level 6 in Spellcasting
  2634 | D:2      | Reached XP level 5. HP: 22/29 MP: 2/15
  2803 | D:2      | Learned a level 3 spell: Stone Arrow
  2884 | D:3      | Got a shiny book
  3368 | D:3      | Found an opulent altar of Gozag.
  3795 | D:4      | Reached skill level 1 in Earth Magic
  3942 | D:4      | Noticed a +0 hand axe
  3943 | D:4      | Noticed a +0 dagger
  3946 | D:4      | Found a hide-covered altar of Uskayaw.
  4000 | D:4      | Reached skill level 1 in Poison Magic
  4000 | D:4      | Reached XP level 6. HP: 28/34 MP: 9/17
  4106 | D:4      | Reached skill level 1 in Air Magic
  4122 | D:4      | Reached skill level 1 in Evocations
  4509 | D:4      | Got a vibrant book
  4592 | D:5      | Entered Level 5 of the Dungeon
  4696 | D:5      | Reached skill level 7 in Spellcasting
  4700 | D:5      | Reached XP level 7. HP: 39/39 MP: 9/19
  4820 | D:5      | Found a staircase to the Ecumenical Temple.
  4847 | Temple   | Entered the Ecumenical Temple
  4857 | Temple   | Became a worshipper of Vehumet
  5119 | D:5      | Reached skill level 8 in Spellcasting
  5211 | D:5      | Noticed a steam dragon
  5230 | D:5      | Killed a steam dragon
  5319 | D:5      | Noticed Eustachio
  5382 | D:5      | Killed Eustachio
  5383 | D:5      | Reached XP level 8. HP: 17/44 MP: 10/22
  5515 | D:5      | Reached skill level 9 in Spellcasting
  5679 | D:5      | Reached skill level 5 in Conjurations
  5855 | D:5      | Identified the +4 robe "Loliok" {rC++ SInv}
  6011 | D:5      | Reached * piety under Vehumet
  6011 | D:5      | Offered knowledge of Kiss of Death by Vehumet.
  6138 | D:5      | Noticed Sigmund
  6156 | D:5      | Killed Sigmund
  6157 | D:5      | Reached skill level 10 in Spellcasting
  6486 | D:6      | Reached XP level 9. HP: 48/48 MP: 15/25
  6603 | D:6      | Reached skill level 5 in Earth Magic
  6677 | D:6      | Reached skill level 11 in Spellcasting
  6836 | D:6      | Noticed Prince Ribbit
  6842 | D:6      | Killed Prince Ribbit
  6956 | D:6      | Found a bloodstained altar of Trog.
  7096 | D:6      | Reached ** piety under Vehumet
  7096 | D:6      | Offered knowledge of Shock by Vehumet.
  7404 | D:6      | Found Cureset's Assorted Antiques.
  7412 | D:6      | Bought a scroll labelled XEKHEH ASONE for 32 gold pieces
  7412 | D:6      | Bought a scroll labelled XEKHEH ASONE for 32 gold pieces
  7412 | D:6      | Bought 2 smoky orange potions for 57 gold pieces
  7513 | D:6      | Found a burning altar of Makhleb.
  7772 | D:6      | Noticed Grinder
  7776 | D:6      | Killed Grinder
  7777 | D:6      | Reached skill level 12 in Spellcasting
  7777 | D:6      | Reached skill level 1 in Fire Magic
  7784 | D:6      | Learned a level 6 spell: Bombard
  7876 | D:7      | Found a sand-covered staircase.
  7909 | Ossuary  | Entered an ossuary
  8484 | Ossuary  | Reached XP level 10. HP: 56/56 MP: 23/28
  8620 | D:7      | Offered knowledge of Ignite Poison by Vehumet.
  8832 | D:7      | Reached *** piety under Vehumet
  9058 | D:7      | Identified the +0 scale mail of Gallantry {*Corrode Regen+
                  | Str+5}
  9228 | D:7      | Found a sacrificial altar of Ru.
  9434 | D:7      | Found a blossoming altar of Fedhas.
  9504 | D:7      | Reached skill level 13 in Spellcasting
  9769 | D:8      | Offered knowledge of Volatile Blastmotes by Vehumet.
  9958 | D:8      | Noticed Jeremiah
  9964 | D:8      | Noticed Erica
 10130 | D:8      | Killed Jeremiah
 10381 | D:8      | Killed Erica
 10381 | D:8      | Reached **** piety under Vehumet
 10543 | D:8      | Found a snail-covered altar of Cheibriados.
 10900 | D:9      | Noticed a centaur warrior
 10905 | D:9      | Killed a centaur warrior
 10906 | D:9      | Reached skill level 14 in Spellcasting
 10906 | D:9      | Reached XP level 11. HP: 60/61 MP: 15/31
 11023 | D:9      | Noticed Harold
 11047 | D:9      | Killed Harold
 11048 | D:9      | Reached skill level 1 in Shields
 11154 | D:9      | Offered knowledge of Frozen Ramparts by Vehumet.
 11702 | D:9      | Found an ancient bone altar of Kikubaaqudgha.
 11712 | D:9      | Noticed Pikel
 11729 | D:9      | Killed Pikel
 11730 | D:9      | Reached skill level 5 in Fire Magic
 11850 | D:10     | Entered Level 10 of the Dungeon
 12052 | D:10     | Identified the ring "Inkoman" {rPois rF+ rC++}
 12259 | D:10     | Found a staircase to the Orcish Mines.
 12598 | D:10     | Reached skill level 15 in Spellcasting
 12955 | D:10     | Found a staircase to the Lair.
 13176 | D:11     | Noticed a boulder beetle
 13178 | D:11     | Noticed a two-headed ogre
 13201 | D:11     | Killed a two-headed ogre
 13201 | D:11     | Killed a boulder beetle
 13313 | D:11     | Noticed a green ugly thing
 13318 | D:11     | Killed a green ugly thing
 13606 | D:11     | Reached ***** piety under Vehumet
 13606 | D:11     | Offered knowledge of Conjure Ball Lightning by Vehumet.
 13835 | D:11     | Noticed a boulder beetle
 13857 | D:11     | Killed a boulder beetle
 13985 | D:11     | Reached XP level 12. HP: 66/66 MP: 23/33
 14436 | D:12     | Reached skill level 16 in Spellcasting
 14677 | D:12     | Found Borreaba's General Store.
 14681 | D:12     | Bought a potion of curing for 36 gold pieces
 14932 | D:12     | Identified a scroll of acquirement
 15438 | D:13     | Found the +3 hat of Pondering {ponderous, Will+ MP+10
                  | Int+5}
 15708 | D:13     | Noticed a boulder beetle
 15713 | D:13     | Killed a boulder beetle
 15714 | D:13     | Reached skill level 10 in Conjurations
 16055 | D:13     | Reached skill level 17 in Spellcasting
 16215 | D:13     | Noticed a centaur warrior
 16218 | D:13     | Killed a centaur warrior
 16662 | D:14     | Noticed a centaur warrior
 16662 | D:14     | Noticed Lodul
 16662 | D:14     | Found a gate to the Vaults.
 16718 | D:14     | Noticed a centaur warrior
 17055 | Temple   | Acquired 933 gold pieces
 17168 | Lair:1   | Entered Level 1 of the Lair of Beasts
 17311 | Lair:1   | Reached XP level 13. HP: 49/70 MP: 36/36
 17492 | Lair:1   | Acquired the staff of Destruction {MP+9 Str+4 Conj}
 17693 | Lair:1   | Reached skill level 5 in Shields
 18269 | Lair:2   | Found a dark tunnel.
 18284 | Volcano  | Entered a volcano
 18757 | Volcano  | Found a bloodstained altar of Trog.
 18760 | Volcano  | Reached skill level 10 in Earth Magic
 18786 | Volcano  | Noticed a red draconian
 18791 | Volcano  | Killed a red draconian
 18994 | Lair:2   | Noticed Sonja
 18997 | Lair:2   | Killed Sonja
 19107 | Lair:2   | Reached skill level 18 in Spellcasting
 19211 | Lair:2   | Identified the +5 mace of Sharkskin {freeze, rElec Dex+3}
 20461 | Lair:3   | Found a staircase to the Shoals.
 20853 | Lair:3   | Noticed Gastronok
 20859 | Lair:3   | Killed Gastronok
 20860 | Lair:3   | Reached skill level 5 in Fighting
 21110 | Lair:3   | Noticed Urug
 21112 | Lair:3   | Found a staircase to the Snake Pit.
 21120 | Lair:3   | Killed Urug
 21120 | Lair:3   | Offered knowledge of Lee's Rapid Deconstruction by Vehumet.
 21540 | Lair:4   | Found a runed translucent gate.
 21544 | Lair:4   | Found a runed translucent gate.
 21545 | Lair:4   | Found a runed translucent gate.
 21550 | Lair:4   | Noticed Osyvawk's ghost (journeyman DrMo)
 21897 | Lair:4   | Reached skill level 19 in Spellcasting
 22154 | Lair:4   | Noticed a dire elephant
 22174 | Lair:4   | Found a runed translucent door.
 22242 | Lair:4   | Reached XP level 14. HP: 78/78 MP: 39/39
 22767 | Lair:4   | Found a viscous altar of Jiyva.
 22830 | Lair:4   | Found a staircase to the Slime Pits.
 23405 | Lair:4   | Reached skill level 5 in Armour
 23526 | Lair:4   | Got a parchment book
 23529 | Lair:4   | Identified the -2 cloak of Foolhardiness {Dex+4}
 23537 | Lair:4   | Learned a level 5 spell: Irradiate
 23615 | Lair:5   | Entered Level 5 of the Lair of Beasts
 23770 | Lair:5   | Reached skill level 1 in Transmutations
 24106 | Lair:5   | Identified the amulet "Faty Ryebb" {rPois rF+ rC- Regen+}
 24507 | Lair:5   | Offered knowledge of Starburst by Vehumet.
 24518 | Lair:5   | Reached skill level 20 in Spellcasting
 24518 | Lair:5   | Reached skill level 10 in Fire Magic
 24642 | Lair:5   | Learned a level 6 spell: Starburst
 25023 | Abyss:3  | Found a corrupted altar of Lugonu.
 25023 | Abyss:3  | Cast into level 3 of the Abyss (a wizard)
 25106 | Abyss:3  | Noticed a tentacled starspawn
 25116 | Abyss:3  | Killed a tentacled starspawn
 25174 | Abyss:3  | Noticed a tentacled starspawn
 25186 | Abyss:3  | Noticed a tentacled starspawn
 25204 | Lair:5   | Escaped the Abyss
 25777 | Lair:5   | Found a burning altar of Makhleb.
 25829 | Lair:5   | Found a gateway to Hell.
 25839 | Lair:5   | Got a moth-eaten book
 27134 | D:14     | Killed Lodul
 27221 | D:14     | Reached XP level 15. HP: 74/82 MP: 41/41
 27367 | D:14     | Noticed Azrael
 27373 | D:14     | Killed Azrael
 28112 | D:15     | Entered Level 15 of the Dungeon
 28278 | D:15     | Noticed Nessos
 28285 | D:15     | Killed Nessos
 28286 | D:15     | Reached skill level 21 in Spellcasting
 28772 | D:15     | Found an iron altar of Okawaru.
 28776 | D:15     | Noticed Agnes
 28781 | D:15     | Mangled by Agnes

Illustrated notes

Levels and vault maps discovered:
D:1:      saegor_arrival_simple_d, layout_basic,
          dreamdust_ecumenical_altar_grove, minmay_hexomino_u4
D:2:      layout_basic, basic_altar, uniq_natasha
D:3:      layout_basic, grunt_gozag_breadcrumbs
D:4:      layout_basic, dancing_weapons_uskayaw, minmay_misc_feat_hallway
D:5:      minmay_chambers_of_threes, layout_basic, temple_pool_b,
          uniq_eustachio, uniq_sigmund
D:6:      minmay_opposing_rooms, layout_loops_ring, trog_three_pillars_becter,
          lemuel_coloured_pillars_altar, serial_shops, shop, uniq_grinder,
          uniq_prince_ribbit1
D:7:      layout_cave_pools, mainiacjoe_overflow_alcove_4, marbit_many_paths,
          lightli_ossuary_entry_decrepit_ruins
D:8:      layout_cave_pools, slow_altar_1, minmay_misc_feat_tiny,
          patterned_corridor, uniq_erica, uniq_jeremiah
D:9:      layout_rooms, kiku_gazebo_garden_becter, small_statue_intersection,
          uniq_harold, uniq_pikel
D:10:     layout_layer_cave, erik_lair_island, erik_orc_4, serial_bayou_pond_e
D:11:     layout_loops_cross
D:12:     layout_roguey, serial_shops, shop
D:13:     layout_basic
D:14:     layout_roguey, david_vaults_3, minivault_27, uniq_azrael
D:15:     grunt_enter_depths_magical_seal, layout_rooms, okawaru_gym_becter,
          grunt_dithmenos_smoke, uniq_nessos, uniq_agnes
Temple:   nicolae_temple_great_sept
Lair:1:   layout_gridlike, infiniplex_staircase_pool
Lair:2:   layout_gridlike, nicolae_volcano_entry_s_turn, uniq_sonja
Lair:3:   layout_gridlike, nicolae_shoals_entry_roost,
          guppyfry_snake_entry_garden, uniq_urug, uniq_gastronok
Lair:4:   gammafunk_lair_enchanted_lake, layout_cave_pods, slime_entry_1,
          gammafunk_ghost_necromancy
Lair:5:   evil_forest, layout_hall_layers

Skill      XL: |  1  2  3  4  5  6  7  8  9 10 11 12 13 14 15 |
---------------+----------------------------------------------+-----
Spellcasting   | 5 6 7 8 10 12 14 15 17 19 20 21 | 21.0
Fighting       | 1 2 3 4 5 |  5.5
Armour         | 1 3 4 6 |  6.0
Conjurations   | 2 3 4 5 6 8 9 10 11 12 | 12.8
Dodging        | 3 |  3.0
Stealth        | 3 |  3.1
Earth Magic    | 1 2 3 4 6 7 8 9 10 12 | 12.2
Poison Magic   | 1 |  1.0
Air Magic      | 1 |  1.0
Evocations     | 1 |  1.0
Fire Magic     | 1 4 6 7 9 10 | 10.8
Shields        | 3 4 5 |  5.0
Transmutations | 1 |  1.0
Summonings     | |  1.1
Translocations | |  1.1

Action                     |  1- 3 |  4- 6 |  7- 9 | 10-12 | 13-15 || total
---------------------------+-------+-------+-------+-------+-------++-------
  Melee: Dagger            |     2 |    29 |   102 |   111 |       ||   244
         Unarmed           |       |       |       |     2 |       ||     2
         Punch             |       |       |       |     2 |     1 ||     3
         Staff             |       |       |       |       |    46 ||    46
   Cast: Magic Dart        |    84 |   130 |    96 |    46 |     7 ||   363
         Mephitic Cloud    |     1 |     8 |    14 |    42 |    24 ||    89
         Call Imp          |       |       |     5 |     7 |     1 ||    13
         Stone Arrow       |       |       |    92 |   258 |   117 ||   467
         Bombard           |       |       |       |    32 |   244 ||   276
         Blink             |       |       |       |     2 |     4 ||     6
         Starburst         |       |       |       |       |    57 ||    57
  Evoke: Wand              |       |       |     1 |     4 |     1 ||     6
    Use: Scroll            |       |       |       |    17 |     3 ||    20
         Potion            |       |       |       |       |     1 ||     1
   Stab: Sleeping          |     2 |       |       |       |       ||     2
         Confused          |       |     4 |     9 |    13 |     6 ||    32
 Armour: Robe              |    11 |    26 |    55 |   109 |    24 ||   225
         Leather armour    |       |       |     3 |       |       ||     3
         Fire dragon scale |       |       |       |       |   182 ||   182
  Dodge: Dodged            |    14 |    25 |    80 |    94 |    74 ||   287
  Block: Other             |       |       |    19 |    37 |    33 ||    89
         Reflection        |       |       |       |     1 |     8 ||     9

Table legend: (Time is in decaauts)
 A = Elapsed time spent in this place.
 B = Non-inter-level travel time spent in this place.
 C = Inter-level travel time spent in this place.
 D = Time resting spent in this place.
 E = Time spent auto-exploring this place.
 F = Levels seen in this place.
 G = Mean time per level.
                   A        B        C        D        E       F      G
               +--------+--------+--------+--------+--------+-----+--------+
         Total |  29551 |  28397 |   1154 |   2582 |  21745 |  24 | 1231.3 |
       Dungeon |  18756 |  17920 |    836 |   1055 |  14629 |  15 | 1250.4 |
        Temple |     54 |     41 |     13 |      0 |      0 |   1 |   54.0 |
          Lair |   9108 |   8804 |    304 |   1079 |   6570 |   5 | 1821.6 |
         Abyss |    190 |    190 |      0 |     48 |      0 |   1 |  190.0 |
       Ossuary |    709 |    709 |      0 |    249 |    304 |   1 |  709.0 |
       Volcano |    731 |    731 |      0 |    151 |    242 |   1 |  731.0 |
               +--------+--------+--------+--------+--------+-----+--------+

Top non-repeatable levels by time:
  Lair:4: 2788 daAuts
  Lair:5: 2518 daAuts
    D:13: 2177 daAuts
     D:5: 1812 daAuts
     D:2: 1580 daAuts
     D:6: 1558 daAuts
  Lair:3: 1433 daAuts
    D:14: 1329 daAuts
    D:10: 1324 daAuts
     D:1: 1298 daAuts
  Lair:2: 1252 daAuts
     D:8: 1198 daAuts
     D:7: 1147 daAuts
    D:11: 1133 daAuts
  Lair:1: 1115 daAuts
